NCAA
GEORGIA BULLDOGS @ TEXAS CHRISTIAN HORNED FROGS
05/11/2024
 
TOP OF THE 1ST
Georgia Bulldogs batting - Pitching for Texas Christian Horned Frogs : LHP Ralph Johnson
Pitching: LHP Ralph Johnson
Batting: RHB Francisco Rodríguez 0-0: SINGLE (Groundball, 56D)
Batting: RHB John Dyer 0-0: Ball
1-0: Fly out, F8 (Flyball, 8RM)
Batting: RHB Nick Harris 0-0: Ball
1-0: Ball
Francisco Rodríguez is caught stealing 2nd base
2-0: Ball
3-0: Base on Balls
Batting: RHB Félix Castro 0-0: Ball
Throwing error on steal attempt, E2
Nick Harris to third
1-0: Ball
2-0: Ground out 5-3 (Groundball, 5)
Top of the 1st over - 0 run(s), 1 hit(s), 1 error(s), 1 left on base; Georgia 0 - Texas Christian 0
BOTTOM OF THE 1ST
Texas Christian Horned Frogs batting - Pitching for Georgia Bulldogs : LHP Luis Morales
Pitching: LHP Luis Morales
Batting: LHB José Garza 0-0: Called Strike
0-1: Ball
1-1: Ball
2-1: Ball
3-1: Base on Balls
Batting: RHB Anthony Walsh 0-0: Ball
1-0: Called Strike
1-1: Foul Ball, location: 2F
1-2: Fly out, F7 (Flyball, 78M)
Batting: LHB Miguel Martínez 0-0: Ball
1-0: Ball
2-0: Ball
3-0: Called Strike
3-1: Base on Balls
José Garza to second
Batting: SHB Matt Pierce 0-0: Ball
1-0: Ball
2-0: Ball
3-0: Called Strike
3-1: Base on Balls
José Garza to third
Miguel Martínez to second
Batting: LHB Brenton Carter 0-0: Ball
1-0: SINGLE (Groundball, 4MD)
José Garza scores
Miguel Martínez to third
Matt Pierce to second
Runner from 3rd tries for Home, SAFE, no throw or cutoff
Batting: LHB Garrett Cabrera 0-0: Called Strike
0-1: Foul Ball, location: 2F
0-2: SINGLE (Line Drive, 34D)
Matt Pierce to third
Brenton Carter to second
Batting: RHB Bernard Samuels 0-0: Ball
1-0: Ball
2-0: Ball
3-0: Called Strike
3-1: Foul Ball, location: 2F
3-2: Base on Balls
Matt Pierce scores
Brenton Carter to third
Garrett Cabrera to second
Batting: RHB Jorge Romero 0-0: Ball
1-0: Ball
2-0: Ball
3-0: Base on Balls
Brenton Carter scores
Garrett Cabrera to third
Bernard Samuels to second
Batting: LHB Dave Green 0-0: Called Strike
0-1: Ball
1-1: Ball
2-1: Fly out, F8 (Flyball, 8LS)
Batting: LHB José Garza 0-0: Ball
1-0: Fielders Choice at 2nd, U6 (Groundball, 6M)
Bottom of the 1st over - 4 run(s), 2 hit(s), 0 error(s), 3 left on base; Georgia 0 - Texas Christian 4
TOP OF THE 2ND
Georgia Bulldogs batting - Pitching for Texas Christian Horned Frogs : LHP Ralph Johnson
Batting: RHB Jeremiah Soto 0-0: Ball
1-0: Ball
2-0: Ball
3-0: Base on Balls
Batting: LHB Dave Lee 0-0: DOUBLE (Groundball, 3L)
Jeremiah Soto to third
Runner from 3rd tries for Home, SAFE, no throw or cutoff
Batting: RHB Alex Whitehead 0-0: Called Strike
0-1: Foul Ball, location: 2F
0-2: SINGLE (Line Drive, 78S)
Dave Lee to third
Batting: LHB Marv Alexander 0-0: Ball
1-0: Ground out U3 (Groundball, 3S)
Dave Lee scores
Alex Whitehead to second
Batting: RHB Bryce Dougherty 0-0: Foul Ball, location: 2F
0-1: Ball
1-1: Ball
2-1: Foul Ball, location: 2F
2-2: Ball
3-2: Base on Balls
Batting: RHB Francisco Rodríguez 0-0: Swinging Strike
0-1: Foul Ball, location: 2F
0-2: Ball
1-2: Ball
2-2: Foul Ball, location: 2F
2-2: Strikes out swinging
Batting: RHB John Dyer 0-0: Fly out, F8 (Flyball, 89M)
Top of the 2nd over - 2 run(s), 2 hit(s), 0 error(s), 2 left on base; Georgia 2 - Texas Christian 4
BOTTOM OF THE 2ND
Texas Christian Horned Frogs batting - Pitching for Georgia Bulldogs : LHP Luis Morales
Batting: RHB Anthony Walsh 0-0: Ball
1-0: Fly out, F4 (Popup, 34D)
Batting: LHB Miguel Martínez 0-0: Ground out U3 (Groundball, 3)
Batting: SHB Matt Pierce 0-0: Ball
1-0: Foul Ball, location: 2F
1-1: Ball
2-1: Fly out, F7 (Flyball, 7M)
Bottom of the 2nd over - 0 run(s), 0 hit(s), 0 error(s), 0 left on base; Georgia 2 - Texas Christian 4
TOP OF THE 3RD
Georgia Bulldogs batting - Pitching for Texas Christian Horned Frogs : LHP Ralph Johnson
Batting: RHB Nick Harris 0-0: Called Strike
0-1: Fly out, F8 (Flyball, 8RM)
Batting: RHB Félix Castro 0-0: Foul Ball, location: 2F
0-1: Foul Ball, location: 2F
0-2: Ball
1-2: Ball
2-2: Ball
3-2: Base on Balls
Batting: RHB Jeremiah Soto 0-0: Called Strike
0-1: Called Strike
0-2: Ball
1-2: Strikes out looking
Batting: LHB Dave Lee 0-0: Called Strike
0-1: Foul Ball, location: 2F
0-2: Ball
1-2: Ball
2-2: Strikes out swinging
Top of the 3rd over - 0 run(s), 0 hit(s), 0 error(s), 1 left on base; Georgia 2 - Texas Christian 4
BOTTOM OF THE 3RD
Texas Christian Horned Frogs batting - Pitching for Georgia Bulldogs : LHP Luis Morales
Batting: LHB Brenton Carter 0-0: Ball
1-0: Swinging Strike
1-1: Swinging Strike
1-2: Ball
2-2: Ball
3-2: Foul Ball, location: 2F
3-2: Foul Ball, location: 2F
3-2: Foul Ball, location: 2F
3-2: Strikes out looking
Batting: LHB Garrett Cabrera 0-0: Ball
1-0: SOLO HOME RUN (Flyball, 89XD), Distance : 405 ft
Batting: RHB Bernard Samuels 0-0: SINGLE (Line Drive, 89S)
Batting: RHB Jorge Romero 0-0: Foul Ball, location: 2F
0-1: Ball
1-1: Ball
2-1: Called Strike
2-2: Foul Ball, location: 2F
2-2: Ball
3-2: Strikes out swinging
Batting: LHB Dave Green 0-0: Ball
1-0: Ball
Throwing error on steal attempt, E2
Bernard Samuels to third
2-0: Ball
3-0: Called Strike
3-1: Fly out, F7 (Flyball, 8LM)
Bottom of the 3rd over - 1 run(s), 2 hit(s), 1 error(s), 1 left on base; Georgia 2 - Texas Christian 5
TOP OF THE 4TH
Georgia Bulldogs batting - Pitching for Texas Christian Horned Frogs : LHP Ralph Johnson
Batting: RHB Alex Whitehead 0-0: Ball
1-0: Ground out 6-3 (Groundball, 6)
Batting: LHB Marv Alexander 0-0: Ball
1-0: Foul Ball, location: 2F
1-1: Ball
2-1: Ball
3-1: Called Strike
3-2: SINGLE (Flyball, 4D)
Batting: RHB Bryce Dougherty 0-0: Ball
1-0: Ball
2-0: Called Strike
2-1: Swinging Strike
2-2: Foul Ball, location: 2F
2-2: Foul Ball, location: 2F
2-2: Ball
3-2: Ground out 2-3 (Groundball, 13S)
Marv Alexander to second
Batting: RHB Francisco Rodríguez 0-0: Ball
Passed Ball!
Marv Alexander to third
1-0: Ball
2-0: Called Strike
2-1: Swinging Strike
2-2: SINGLE (Groundball, 6MD)
Marv Alexander scores
Batting: RHB John Dyer 0-0: Ball
1-0: Ball
2-0: Foul Ball, location: 2F
2-1: Ball
3-1: Called Strike
3-2: Ground out 6-3 (Groundball, 6)
Top of the 4th over - 1 run(s), 2 hit(s), 0 error(s), 1 left on base; Georgia 3 - Texas Christian 5
BOTTOM OF THE 4TH
Texas Christian Horned Frogs batting - Pitching for Georgia Bulldogs : LHP Luis Morales
Batting: LHB José Garza 0-0: Ball
1-0: Called Strike
1-1: Ball
2-1: Ball
3-1: Base on Balls
Batting: RHB Anthony Walsh 0-0: Ball
1-0: Foul Ball, location: 2F
1-1: Called Strike
1-2: Strikes out looking
Pitching: RHP Adam Reed
Batting: LHB Miguel Martínez 0-0: Called Strike
0-1: Ball
José Garza steals 2nd base
1-1: Foul Ball, location: 2F
1-2: Ball
2-2: Ball
3-2: Foul Ball, location: 2F
3-2: SINGLE (Line Drive, 34D)
José Garza to third
Runner from 3rd tries for Home, SAFE, no throw or cutoff
Batting: SHB Matt Pierce 0-0: Ball
1-0: Called Strike
1-1: Fly out, F4 (Line Drive, 4MD)
Batting: LHB Brenton Carter 0-0: Ball
1-0: Foul Ball, location: 2F
1-1: Ball
2-1: Ball
3-1: Swinging Strike
3-2: Base on Balls
Miguel Martínez to second
Batting: LHB Garrett Cabrera 0-0: Foul Ball, location: 2F
0-1: Called Strike
0-2: Foul Ball, location: 2F
0-2: Fly out, F9 (Flyball, 9M)
Bottom of the 4th over - 1 run(s), 1 hit(s), 0 error(s), 2 left on base; Georgia 3 - Texas Christian 6
TOP OF THE 5TH
Georgia Bulldogs batting - Pitching for Texas Christian Horned Frogs : LHP Ralph Johnson
Batting: RHB Nick Harris 0-0: Called Strike
0-1: Ball
1-1: Ball
2-1: Called Strike
2-2: Fly out, F3 (Popup, 3F)
Pitching: LHP Ralph Slater
Batting: RHB Félix Castro 0-0: Called Strike
0-1: Ball
1-1: Ball
2-1: Foul Ball, location: 2F
2-2: Strikes out swinging
Batting: RHB Jeremiah Soto 0-0: Foul Ball, location: 2F
0-1: Ball
1-1: Foul Ball, location: 2F
1-2: Ball
2-2: Strikes out looking
Top of the 5th over - 0 run(s), 0 hit(s), 0 error(s), 0 left on base; Georgia 3 - Texas Christian 6
BOTTOM OF THE 5TH
Texas Christian Horned Frogs batting - Pitching for Georgia Bulldogs : RHP Adam Reed
Batting: RHB Bernard Samuels 0-0: Called Strike
0-1: Ball
1-1: Foul Ball, location: 2F
1-2: Ball
2-2: Ground out 2-3 (Groundball, 2R)
Batting: RHB Jorge Romero 0-0: Fly out, F9 (Flyball, 89M)
Batting: LHB Dave Green 0-0: Ball
1-0: Ball
2-0: Ball
3-0: Foul Ball, location: 2F
3-1: Base on Balls
Batting: LHB José Garza 0-0: Ball
1-0: Called Strike
1-1: Called Strike
1-2: Fly out, F8 (Flyball, 8LS)
Bottom of the 5th over - 0 run(s), 0 hit(s), 0 error(s), 1 left on base; Georgia 3 - Texas Christian 6
TOP OF THE 6TH
Georgia Bulldogs batting - Pitching for Texas Christian Horned Frogs : LHP Ralph Slater
Batting: LHB Dave Lee 0-0: Ball
1-0: Foul Ball, location: 2F
1-1: Ball
2-1: Ball
3-1: Base on Balls
Batting: RHB Alex Whitehead 0-0: Ball
1-0: Ball
Dave Lee is caught stealing 2nd base
2-0: Called Strike
2-1: Ground out 5-3 (Groundball, 5)
Batting: LHB Marv Alexander 0-0: Foul Ball, location: 2F
0-1: Ball
1-1: Ground out 4-3 (Groundball, 4)
Top of the 6th over - 0 run(s), 0 hit(s), 0 error(s), 0 left on base; Georgia 3 - Texas Christian 6
BOTTOM OF THE 6TH
Texas Christian Horned Frogs batting - Pitching for Georgia Bulldogs : RHP Adam Reed
Batting: RHB Anthony Walsh 0-0: Ball
1-0: Ground out 4-3 (Groundball, 4M)
Batting: LHB Miguel Martínez 0-0: Ground out 6-3 (Groundball, 6M)
Batting: SHB Matt Pierce 0-0: Swinging Strike
0-1: Ball
1-1: Ground out 1-3 (Groundball, 13S)
Bottom of the 6th over - 0 run(s), 0 hit(s), 0 error(s), 0 left on base; Georgia 3 - Texas Christian 6
TOP OF THE 7TH
Georgia Bulldogs batting - Pitching for Texas Christian Horned Frogs : LHP Ralph Slater
Batting: RHB Bryce Dougherty 0-0: Called Strike
0-1: Ball
1-1: Ball
2-1: SINGLE (Line Drive, 4D)
Batting: RHB Francisco Rodríguez 0-0: Ball
1-0: Called Strike
1-1: Fly out, F8 (Flyball, 89M)
Pitching: RHP Steve Patterson
Batting: RHB John Dyer 0-0: Foul Ball, location: 2F
0-1: Grounds into double play, 6-4-3 (Groundball, 6)
Top of the 7th over - 0 run(s), 1 hit(s), 0 error(s), 0 left on base; Georgia 3 - Texas Christian 6
BOTTOM OF THE 7TH
Texas Christian Horned Frogs batting - Pitching for Georgia Bulldogs : RHP Adam Reed
Pitching: RHP Salvador Pérez
Batting: LHB Brenton Carter 0-0: Foul Ball, location: 2F
0-1: Ball
1-1: Ground out 6-3 (Groundball, 6)
Batting: LHB Garrett Cabrera 0-0: Called Strike
0-1: DOUBLE (Line Drive, 9LM)
Batting: RHB Bernard Samuels 0-0: Intentional Walk
Batting: RHB Jorge Romero 0-0: Ball
1-0: Ball
Garrett Cabrera steals 3rd base
Bernard Samuels to second
2-0: Intentional Walk
Pinch Hitting: RHB Cristo Souza 0-0: Foul Ball, location: 2F
0-1: SINGLE (Line Drive, 7S)
Garrett Cabrera scores
Bernard Samuels to third
Jorge Romero to second
Runner from 3rd tries for Home, SAFE, no throw or cutoff
Batting: LHB José Garza 0-0: Called Strike
0-1: Ball
1-1: Grounds into double play, 6-4-3 (Groundball, 6)
Bottom of the 7th over - 2 run(s), 2 hit(s), 0 error(s), 1 left on base; Georgia 3 - Texas Christian 8
TOP OF THE 8TH
Georgia Bulldogs batting - Pitching for Texas Christian Horned Frogs : RHP Steve Patterson
Now in RF: Brandon Bingham
Batting: RHB Nick Harris 0-0: Ball
1-0: Ball
2-0: Called Strike
2-1: DOUBLE (Flyball, 9M)
Batting: RHB Félix Castro 0-0: Foul Ball, location: 2F
0-1: Called Strike
0-2: Fly out, F4 (Line Drive, 4)
Batting: RHB Jeremiah Soto 0-0: Called Strike
0-1: Fly out, F8 (Line Drive, 8RM)
Batting: LHB Dave Lee 0-0: Called Strike
0-1: Ball
1-1: SINGLE (Groundball, 23) (infield hit)
Nick Harris to third
Batting: RHB Alex Whitehead 0-0: Ball
1-0: Fly out, F2 (Popup, 2LF)
Top of the 8th over - 0 run(s), 2 hit(s), 0 error(s), 2 left on base; Georgia 3 - Texas Christian 8
BOTTOM OF THE 8TH
Texas Christian Horned Frogs batting - Pitching for Georgia Bulldogs : RHP Salvador Pérez
Batting: RHB Anthony Walsh 0-0: Ball
1-0: Ground out 4-3 (Groundball, 13)
Batting: LHB Miguel Martínez 0-0: Ball
1-0: Ball
2-0: Called Strike
2-1: SINGLE (Groundball, 34D)
Batting: SHB Matt Pierce 0-0: Called Strike
0-1: Called Strike
Miguel Martínez steals 2nd base
0-2: Ball
1-2: Strikes out swinging
Batting: LHB Brenton Carter 0-0: Called Strike
0-1: Fly out, F8 (Flyball, 8RM)
Bottom of the 8th over - 0 run(s), 1 hit(s), 0 error(s), 1 left on base; Georgia 3 - Texas Christian 8
TOP OF THE 9TH
Georgia Bulldogs batting - Pitching for Texas Christian Horned Frogs : RHP Steve Patterson
Batting: LHB Marv Alexander 0-0: Ball
1-0: Foul Ball, location: 2F
1-1: Called Strike
1-2: Strikes out swinging
Batting: RHB Bryce Dougherty 0-0: Foul Ball, location: 2F
0-1: Ball
1-1: Swinging Strike
1-2: SINGLE (Groundball, 15S) (infield hit)
Batting: RHB Francisco Rodríguez 0-0: Called Strike
0-1: Fly out, F9 (Flyball, 89S)
Batting: RHB John Dyer 0-0: Fielders Choice at 2nd, U6 (Groundball, 6M)
Top of the 9th over - 0 run(s), 1 hit(s), 0 error(s), 1 left on base; Georgia 3 - Texas Christian 8
This league is powered by Out of the Park Baseball, the baseball management simulation game for PC, Mac and Linux
Saturday, April 9th, 2016 - OOTP Baseball 16.8 Build 38